Map: Efflorescence LE

Players

willwar

  • Race: Terran Terran
  • League: Silver
  • Spawn Location: 3:00

Sheppard

  • Race: Terran Terran
  • Spawn Location: 12:00

Seph - Winner!

  • Race: Zerg Zerg
  • League: Bronze
  • Spawn Location: 6:00

gujoe - Winner!

  • Race: Protoss Protoss
  • League: Bronze
  • Spawn Location: 9:00

VOD

Have the link to the VOD?

Description

Time

  • Played on: Feb. 15, 2019, 7:23 p.m.
  • Length: 14:51
Show
View Real Time Build Order
Export as new Build Order

willwar Terran 

Build Orders:  

Get SALT Encoding   

  12  0:12  Supply Depot  
  12  0:29  Supply Depot  
  10  0:36  SCV  
    2:45  SCV  
  1  3:16  SCV  
  2  3:29  SCV  
    5:13  SCV  
  1  5:25  SCV  
  2  5:37  SCV  
  3  5:49  SCV  
    9:32  SCV  
Show
View Real Time Build Order
Export as new Build Order

Sheppard Terran 

Build Orders:  

Get SALT Encoding   

  12  0:04  SCV  
  13  0:16  SCV  
  14  0:28  SCV  
  15  1:21  Supply Depot  
  15  1:43  SCV  
  16  1:56  SCV  
  17  2:17  Refinery  
  17  2:34  Barracks  
  17  2:51  SCV  
  18  3:04  Engineering Bay  
  18  3:11  Barracks  
  17  3:39  Marine  
  18  3:50  Bunker  
  18  4:00  Bunker  
  18  4:14  SCV  
  18  4:17  Marine  
  19  4:24  Barracks  
  20  4:26  Barracks  
  18  4:47  Marine  
  18  4:49  Marine  
  18  4:51  SCV  
  21  4:57  Barracks  
  21  4:59  Barracks  
  21  5:04  Planetary Fortress  
  21  5:18  Marine  
  22  5:21  Marine  
  23  5:52  Supply Depot  
  23  6:13  Marine x2  
  23  6:15  Factory  
  23  6:17  Barracks Reactor  
  25  6:20  Marine  
  26  6:34  Bunker  
  26  6:38  Missile Turret x2  
  26  6:40  Missile Turret  
  26  6:43  Missile Turret  
  26  6:44  Refinery  
  26  6:47  Missile Turret  
  25  7:07  Missile Turret  
  25  7:12  Marine x2  
  27  7:16  Marine  
  28  7:24  Factory Reactor  
  28  7:31  SCV  
  29  7:43  Marine x2  
  31  7:52  Barracks Tech Lab  
  31  8:10  Marine  
  24  8:26  Marine x2  
  24  8:27  Marine x2  
  21  9:13  SCV  
  22  9:25  SCV  
  22  9:26  Marine  
  24  9:38  SCV  
  25  9:50  Widow Mine  
Show
View Real Time Build Order
Export as new Build Order

Seph Zerg - Winner!

Build Orders: Pool First, Swarm Host 

Get SALT Encoding   

  12  0:08  Drone x2  
  14  0:29  Spawning Pool  
  13  1:01  Drone  
  14  1:05  Overlord  
  14  1:10  Hatchery  
  13  1:25  Queen  
  15  1:32  Drone x3  
  17  1:37  Extractor  
  17  1:47  Drone  
  18  1:55  Drone  
  20  2:15  Zergling x2  
  20  2:30  Drone  
  21  2:39  Extractor  
  21  2:42  Drone x3  
  23  2:44  Overlord x2  
  23  2:52  Lair  
  23  2:55  Queen  
  25  3:06  Drone x2  
  27  3:37  Burrow  
  27  3:53  Infestation Pit  
  26  4:35  Swarm Host x4  
  37  4:43  Swarm Host  
  40  4:56  Swarm Host  
  43  5:03  Drone  
  43  5:04  Overlord  
  44  5:32  Overseer  
  44  5:38  Extractor  
  44  5:39  Drone x3  
  46  5:58  Swarm Host  
  49  7:09  Swarm Host  
  49  7:11  Overlord  
  49  7:12  Overlord x4  
  52  8:49  Infestor x3  
  52  8:52  Infestor x4  
  52  8:53  Infestor x3  
  72  12:07  Overseer  
  72  12:08  Overseer x4  
  72  12:41  Spire  
  71  13:52  Corruptor x3  
  71  13:53  Corruptor x7  
Show
View Real Time Build Order
Export as new Build Order

gujoe Protoss - Winner!

Build Orders:  

Get SALT Encoding   

  12  0:01  Probe  
  13  0:13  Probe  
  14  0:25  Probe  
  15  0:31  Pylon  
  15  0:49  Probe  
  16  0:54  Gateway  
  16  0:59  Forge  
  16  1:02  Probe  
  17  1:14  Probe  
  18  1:46  Nexus  
  18  1:49  Pylon  
  17  2:27  Probe  
  18  2:37  Gateway  
  18  2:41  Gateway x2  
  18  2:45  Gateway  
  18  2:48  Pylon  
  18  2:50  Pylon  
  18  2:52  Pylon  
  18  2:53  Assimilator  
  18  2:57  Assimilator  
  18  3:33  Probe  
  19  3:34  Cybernetics Core  
  19  3:42  Zealot x4  
  19  3:46  Probe  
  30  3:48  Zealot  
  30  4:07  Probe  
  31  4:10  Warp Gate  
  31  4:17  Assimilator  
  31  4:20  Probe  
  31  4:24  Pylon  
  32  4:31  Assimilator  
  32  4:32  Probe  
  33  4:44  Probe  
  34  4:47  Gateway  
  34  5:01  Twilight Council  
  35  5:21  Probe  
  35  5:22  Pylon  
  35  5:26  Pylon, Blink  
  35  5:33  Probe  
  36  5:45  Probe  
  35  5:57  Probe  
  34  6:09  Probe  
  35  6:16  Stalker x5  
  35  6:17  Stalker  
  47  6:48  Stalker x2  
  47  6:49  Stalker x4  
  57  7:14  Adept x3  
  57  7:15  Adept x3  
  69  7:38  Stalker x4  
  33  8:54  Stalker x4  
  33  8:55  Stalker x2  
  45  9:15  Dark Shrine  
  45  9:20  Stalker x4  
  45  9:21  Stalker  
  51  10:29  Dark Templar x2  
  51  10:30  Dark Templar  
  55  11:02  Stalker x3  
  61  11:10  Probe  
  62  11:23  Probe  
  63  11:35  Probe  
  64  11:47  Probe  
  65  11:56  Stalker  
  65  11:57  Stalker x4  
  65  11:58  Stalker  
  65  11:59  Probe  
  78  12:28  Adept  
  78  12:29  Adept x2  
  84  12:32  Stalker x3  
  90  13:21  Stargate  
  90  13:26  Stargate  
  90  14:18  Phoenix x2  
Tags
 
Add a new tag
Caveats
  • Supply blocks, unpowered buildings, or Contaminate may cause inaccurate times.
  • Supply counts are checked every 10 seconds.